 Dungeon Crawl Stone Soup version 0.31-a0-1589-g8f5e8aebd6 (webtiles) character file.

Game seed: 10770998362321124544

1446 jasper the Magician (level 8, 0/46 (48) HPs)
             Began as a Deep Elf Cinder Acolyte on Jan 5, 2024.
             Was a High Priest of Ignis.
             Slain by a wight
             ... wielding a +2 great sword
              (1 damage)
             ... on level 8 of the Dungeon.
             The game lasted 00:11:09 (6681 turns).

jasper the Magician (Deep Elf Cinder Acolyte)       Turns: 6681, Time: 00:11:09

HP:   0/46 (48)     AC: 11    Str: 14    XL:     8   Next: 46%
MP:   8/19          EV: 13    Int: 29    God:    Ignis [*****.]
Gold: 26            SH:  0    Dex: 16    Spells: 7/19 levels left

rFire   + . .        y - +4 quarterstaff (spect)
rCold   . . .        (shield currently unavailable)
rNeg    . . .        q - +0 leather armour "Muj Nemn" {Will- Regen+ Str+3 Int+7}
rPois   .            k - +0 hat
rElec   .            x - +0 cloak
rCorr   .            (no gloves)
SInv    +            (no boots)
Will    .....        w - amulet of the acrobat
Stlth   +            z - +6 ring of dexterity
HPRegen 1.07/turn    u - ring of see invisible
MPRegen 0.16/turn

%: acrobat
@: fiery-armoured, lightly drained
A: no striking features
a: Renounce Religion, Fiery Armour, Foxfire Swarm, Rising Flame


You were on level 8 of the Dungeon.
You worshipped Ignis.
Ignis was extremely pleased with you.
You visited 1 branch of the dungeon, and saw 7 of its levels.

You collected 345 gold pieces.
You spent 319 gold pieces at shops.

Inventory:

Hand Weapons
 a - a -1 spear of flaming
 i - a +1 whip of freezing
 p - a +1 whip of venom
 y - a +4 spectral quarterstaff (weapon)
Missiles
 c - 24 stones
 d - 9 poisoned darts
 C - 5 javelins
Armour
 b - a +0 robe
 e - a +0 leather armour
 h - a +0 ring mail
 k - a +0 hat (worn)
 q - the +0 leather armour "Muj Nemn" (worn) {Will- Regen+ Str+3 Int+7}
   (You found it on level 2 of the Dungeon)

   Str+3:     It affects your strength (+3).
   Int+7:     It affects your intelligence (+7).
   Will-:     It decreases your willpower.
   Regen+:    It increases your rate of health regeneration.
 x - a +0 cloak (worn)
Jewellery
 u - a ring of see invisible (right hand)
 w - an amulet of the acrobat (around neck)
 z - a +6 ring of dexterity (left hand)
 B - a ring of poison resistance
Wands
 f - a wand of mindburst (9)
 s - a wand of flame (34)
Scrolls
 g - 6 scrolls of identify
 l - 2 scrolls of blinking
 t - a scroll of amnesia {unknown}
 A - a scroll of enchant armour {unknown}
Potions
 j - 2 potions of attraction {unknown}
 m - 2 potions of might
 o - 3 potions of enlightenment
 r - a potion of berserk rage
 v - a potion of haste
 D - 2 potions of curing


   Skills:
 + Level 3.7 Fighting
 - Level 2.1(3.2) Polearms
 * Level 4.7(5.1) Staves
 + Level 3.9 Dodging
 - Level 6.0 Spellcasting
 - Level 3.0 Hexes
 - Level 3.0 Summonings
 - Level 2.0 Translocations
 - Level 4.7 Fire Magic
 + Level 3.4 Evocations


You had 7 spell levels left.
You knew the following spells:

 Your Spells              Type           Power      Damage    Failure   Level
a - Scorch                Fire           72%        2d8       1%          2
b - Blink                 Tloc           40%        N/A       4%          2
c - Momentum Strike       Conj/Tloc      28%        3d8       7%          2
d - Sigil of Binding      Hex            26%        N/A       6%          3
e - Call Canine Familiar  Summ           26%        N/A       6%          3

Your spell library contained the following spells:

 Spells                   Type           Power      Damage    Failure   Level
 Call Imp                 Summ           52%        N/A       3%          2
 Lesser Beckoning         Tloc           40%        N/A       4%          2
 Magic Dart               Conj           32%        1d4       7%          1
 Dimensional Bullseye     Hex/Tloc       11%        N/A       26%         4
 Chain Lightning          Conj/Air       4%         3d5       100%        9
 Fire Storm               Conj/Fire      11%        8d3       100%        9
 Shatter                  Erth           4%         3d7*      100%        9


Dungeon Overview and Level Annotations

Branches:
Dungeon (8/15)             Temple (0/1) D:4
   Lair: D:8-11

Altars:
Makhleb
Okawaru
Qazlal
Zin

Shops:
D:1 ?   D:4 *   D:7 !

Annotations:
D:7 2 transporters, Fodor's ghost, novice MiFi
D:8 3 runed translucent doors


Message History

The wight is moderately damaged.
The wight barely misses you.
You hit the wight.
The wight is moderately damaged.
The wight hits you with a +2 great sword!
You take 8 damage, and have 40/48 hp.
You hit the wight but do no damage.
The wight is moderately damaged.
The wight barely misses you.
You barely miss the wight.
The wight is moderately damaged.
The wight hits you with a +2 great sword!
You feel drained.
You take 19 damage, and have 22/46 hp.
MASSIVE DAMAGE!!
You hit the wight.
The wight is heavily damaged.
The orc's lost momentum returns!
The wight barely misses you.
You hit the wight but do no damage.
The wight is heavily damaged.
The wight barely misses you.
Casting: Scorch (safe; 1% risk of failure)
Press: ? - help, Q - select action, (/) - cycle Dir - look around, f - activate Flames lash the orc.
You kill the orc!
Your familiar recovers from its injuries.
The wight hits you with a +2 great sword!!
* * * LOW HITPOINT WARNING * * *
You take 17 damage, and have 7/47 hp.
MASSIVE DAMAGE!!
You now have 9/19 mp.
Casting: Scorch (safe; 1% risk of failure)
Press: ? - help, Q - select action, (/) - cycle Dir - look around, f - activate Flames lash the orc.
You kill the orc!
The wight barely misses you.
You now have 8/19 mp.
Okay, then.
A protective cloak of flame settles atop you.
The wight hits you with a +2 great sword!
* * * LOW HITPOINT WARNING * * *
You feel drained.
You die...

#.# #.#
#.# #.#
..
##.##z.
......
#.##z#
#@##.#
#z##.#
#z##z##
#oz.o.#
####o.#
#.o#
#.o#
#o..
#...#


You could see 3 wights and an orc.

Vanquished Creatures
  An ice beast (D:7)
  2 orc warriors
  2 black bears
  A centaur (D:7)
  3 phantoms
  A bullfrog (D:8)
  A wight (D:8)
  A bombardier beetle (D:4)
  A hound (D:3)
  A jelly (D:7)
  A gnoll bouda (D:8)
  An orc priest (D:8)
  Crazy Yiuf (D:3)
  A sleepcap (D:8)
  Terence (D:3)
  An iguana (D:7)
  2 orc wizards
  Natasha (D:2)
  Ijyb (D:3)
  7 adders
  6 gnolls
  A shadow imp (D:7)
  A dart slug (D:1)
  A ribbon worm (D:4)
  13 orcs
  5 bats
  4 endoplasms
  3 giant cockroaches
  6 goblins
  6 hobgoblins
  2 jackals (D:3)
  4 kobolds
  A quokka (D:2)
  7 ball pythons
  4 frilled lizards
  A rat (D:3)
96 creatures vanquished.

Notes
Turn   | Place    | Note
-------+----------+-------------------------------------------
     0 | D:1      | jasper the Deep Elf Cinder Acolyte began the quest for the
                  | Orb.
     0 | D:1      | Reached XP level 1. HP: 13/13 MP: 5/5
   105 | D:1      | Reached skill level 2 in Spellcasting
   449 | D:1      | Reached XP level 2. HP: 16/18 MP: 7/7
   452 | D:1      | Learned a level 2 spell: Scorch
   513 | D:1      | Found Juonlycw's Magic Scroll Boutique.
   551 | D:1      | Learned a level 2 spell: Blink
  1587 | D:2      | Reached XP level 3. HP: 22/22 MP: 3/8
  1659 | D:2      | Reached skill level 1 in Translocations
  1932 | D:2      | Learned a level 2 spell: Momentum Strike
  2057 | D:1      | Bought a scroll of blinking for 105 gold pieces
  2456 | D:2      | Identified the +0 leather armour "Muj Nemn" {Will- Regen+
                  | Str+3 Int+7}
  2823 | D:3      | Reached XP level 4. HP: 27/27 MP: 5/9
  2912 | D:3      | Reached skill level 3 in Spellcasting
  3007 | D:3      | Noticed Ijyb
  3011 | D:3      | Killed Ijyb
  3012 | D:3      | Reached skill level 4 in Spellcasting
  3016 | D:3      | Learned a level 3 spell: Sigil of Binding
  3064 | D:3      | Noticed Natasha
  3084 | D:2      | Killed Natasha
  3085 | D:2      | Reached skill level 1 in Hexes
  3085 | D:2      | Reached XP level 5. HP: 31/31 MP: 6/13
  3430 | D:3      | Noticed Terence
  3432 | D:3      | Killed Terence
  3577 | D:3      | Reached skill level 5 in Spellcasting
  3723 | D:3      | Learned a level 3 spell: Call Canine Familiar
  3786 | D:3      | Found a faded altar of an unknown god.
  3825 | D:3      | Found a runed translucent door.
  3826 | D:3      | Noticed Crazy Yiuf
  3954 | D:3      | Killed Crazy Yiuf
  4110 | D:4      | Reached XP level 6. HP: 36/36 MP: 11/16
  4244 | D:4      | Reached skill level 1 in Summonings
  4352 | D:4      | Reached skill level 6 in Spellcasting
  4433 | D:4      | Found a stormy altar of Qazlal.
  4435 | D:4      | Found an iron altar of Okawaru.
  4964 | D:4      | Found Harph's Humungous Hoard.
  4971 | D:4      | Bought a potion of haste for 130 gold pieces
  5058 | D:4      | Found a glowing silver altar of Zin.
  5058 | D:4      | Found a burning altar of Makhleb.
  5179 | D:4      | Found a staircase to the Ecumenical Temple.
  5473 | D:5      | Entered Level 5 of the Dungeon
  5487 | D:5      | You fall into a shaft and drop 2 floors!
  5577 | D:7      | Reached skill level 1 in Staves
  5577 | D:7      | Reached skill level 1 in Dodging
  5577 | D:7      | Reached skill level 1 in Evocations
  5577 | D:7      | Reached XP level 7. HP: 40/40 MP: 11/18
  5666 | D:7      | Noticed a cyclops
  5670 | D:7      | Noticed a boulder beetle
  5789 | D:7      | Noticed Fodor's ghost (novice MiFi)
  5951 | D:7      | Found a transporter.
  5981 | D:7      | Found a transporter.
  6171 | D:7      | Found Pauterad's Distillery.
  6176 | D:7      | Bought 2 potions of curing for 84 gold pieces
  6316 | D:8      | Reached XP level 8. HP: 35/46 MP: 10/19
  6372 | D:8      | Noticed a purple ugly thing
  6373 | D:8      | Found a runed translucent gate.
  6373 | D:8      | Noticed a red ugly thing
  6373 | D:8      | Noticed a glowing orange brain
  6374 | D:8      | Found a runed translucent gate.
  6374 | D:8      | Noticed a white ugly thing
  6375 | D:8      | Found a runed translucent gate.
  6681 | D:8      | HP: 1/47 [wight/+2 great sword (8)]
  6681 | D:8      | Slain by a wight

Illustrated notes

Levels and vault maps discovered:
D:1:      kilobyte_arrival_exit_the_forest, layout_loops_corners, serial_shops,
          nicolae_shop_advertising_works [nicolae_subvault_shop_adworks]
D:2:      layout_loops_corners
D:3:      layout_loops_ring, hellmonk_ecumenical_altar_heavens_door,
          uniq_crazy_yiuf_cottage, uniq_terence, uniq_ijyb, uniq_natasha
D:4:      layout_layer_cave, nicolae_overflow_hidden_temple,
          minmay_temple_entry_nine_rooms, nicolae_alphabet_shops
D:5:      layout_basic
D:7:      layout_basic, serial_shops, nicolae_shop_pleasant_corner_grove,
          nzn_ghost_randoct
D:8:      layout_loops_ring, ploomutoo_gammafunk_ghost_potion_laboratory,
          nicolae_diode_basic

Skill      XL: |  1  2  3  4  5  6  7  8 |
---------------+-------------------------+-----
Spellcasting   | 2 4 5 6 |  6.0
Fire Magic     | 4 |  4.7
Translocations | 1 2 |  2.0
Hexes          | 1 3 |  3.0
Summonings     | 3 |  3.0
Staves         | 1 3 4 |  4.7
Dodging        | 1 2 3 |  3.9
Evocations     | 1 2 3 |  3.4
Fighting       | 3 |  3.7
Polearms       | |  2.1

Action                     |  1- 3 |  4- 6 |  7- 9 || total
---------------------------+-------+-------+-------++-------
  Melee: Spear             |    27 |       |       ||    27
         Whip              |       |     5 |       ||     5
         Quarterstaff      |       |       |    28 ||    28
   Cast: Scorch            |    33 |    56 |    46 ||   135
         Sigil of Binding  |       |     2 |     3 ||     5
         Blink             |       |       |     1 ||     1
         Call Canine Famil |       |       |     1 ||     1
 Invoke: Fiery Armour      |       |       |     2 ||     2
  Evoke: Wand              |       |       |     6 ||     6
    Use: Scroll            |       |     9 |       ||     9
         Potion            |       |       |     1 ||     1
   Stab: Sleeping          |     1 |       |       ||     1
 Armour: Robe              |    12 |       |       ||    12
         Leather armour    |     1 |    19 |    31 ||    51
         Ring mail         |     1 |       |       ||     1
  Dodge: Dodged            |     6 |     8 |    38 ||    52

Table legend: (Time is in decaauts)
 A = Elapsed time spent in this place.
 B = Non-inter-level travel time spent in this place.
 C = Inter-level travel time spent in this place.
 D = Time resting spent in this place.
 E = Time spent auto-exploring this place.
 F = Levels seen in this place.
 G = Mean time per level.
                   A        B        C        D        E       F      G
               +--------+--------+--------+--------+--------+-----+--------+
         Total |   6690 |   6384 |    306 |    329 |   5359 |   7 |  955.7 |
       Dungeon |   6690 |   6384 |    306 |    329 |   5359 |   7 |  955.7 |
               +--------+--------+--------+--------+--------+-----+--------+

Top non-repeatable levels by time:
     D:4: 1382 daAuts
     D:3: 1380 daAuts
     D:2: 1376 daAuts
     D:1: 1341 daAuts
     D:7: 820 daAuts
     D:8: 375 daAuts
     D:5: 13 daAuts
